 Dungeon Crawl Stone Soup version 0.30-a0-371-gad7725a93e (webtiles) character file.

Game seed: 11128034741109634827

2531 mopl the Martial Artist (level 9, -15/57 HPs)
             Began as a Djinni Transmuter on Nov 22, 2022.
             Was an Initiate of Okawaru.
             Demolished by a two-headed ogre
             ... wielding a +0 giant club
              (17 damage)
             ... on level 7 of the Dungeon.
             The game lasted 00:11:09 (6863 turns).

mopl the Martial Artist (Djinni Transmuter)         Turns: 6863, Time: 00:11:10

Health: -15/57     AC:  2    Str: 19    XL:     9   Next: 84%
Gold:   489        EV: 20    Int: 16    God:    Okawaru [......] SH:  0 Dex: 18

rFire   . . .      SeeInvis .      - Unarmed
rCold   . . .      Faith    .    (shield currently unavailable)
rNeg    + . .      Spirit   .    (body armour currently unavailable)
rPois   ∞          Reflect  .    (helmet currently unavailable)
rElec   .          Harm     .    (cloak currently unavailable)
rCorr   .          Rampage  .    (gloves currently unavailable)
Will    .....                    (boots unavailable)
Stlth   ++........               (no amulet)
HPRegen 0.29/turn                w - ring of positive energy
MPRegen 0.00/turn                u - +6 ring of strength

@: spider-form, flying
A: venomous fangs, flying, sickness immunity, tiny, (fire resistance 2), (cold
vulnerability 1), float, innate caster, HP casting, extra vitality 1
a: End Transformation, Renounce Religion


You were on level 7 of the Dungeon.
You worshipped Okawaru.
Okawaru was noncommittal.
You were a venomous arachnid creature.
You visited 2 branches of the dungeon, and saw 8 of its levels.
You also visited: Sewer.

You collected 489 gold pieces.

Inventory:

Hand Weapons
 m - a +1 dagger of draining
 t - a +4 sling
 y - a +2 scimitar of electrocution
 A - a +0 spear of venom
Missiles
 v - 13 poisoned darts
 E - a throwing net
 H - a curare-tipped dart
Armour
 j - a scarf of resistance (melded)
 o - a +2 robe of willpower (melded)
 B - a +0 kite shield
 D - a +0 buckler
Magical Staves
 C - a staff of death
Jewellery
 h - a ring of ice
 u - a +6 ring of strength (right front leg)
 w - a ring of positive energy (left front leg)
Scrolls
 a - 2 scrolls of butterflies {unknown}
 b - 2 scrolls of immolation {unknown}
 d - a scroll of amnesia {unknown}
 e - 3 scrolls of enchant weapon
 g - a scroll of poison {unknown}
 n - a scroll of torment {unknown}
 p - a scroll of magic mapping {unknown}
 q - 4 scrolls of teleportation {unknown}
 r - 2 scrolls of blinking
 s - a scroll of enchant armour {unknown}
 F - a scroll of brand weapon {unknown}
Potions
 c - 5 potions of curing
 f - a potion of haste
 i - a potion of brilliance
 k - 2 potions of might
 l - 2 potions of heal wounds
 x - 3 potions of mutation {!q}
 z - a potion of cancellation
 G - a potion of invisibility


   Skills:
 + Level 1.4 Fighting
 + Level 0.6 Throwing
 + Level 2.5 Dodging
 * Level 10.6 Unarmed Combat
 + Level 5.5 Spellcasting
 + Level 0.8 Invocations
 + Level 0.9 Evocations


You couldn't memorise any spells.
You knew the following spells:

 Your Spells              Type           Power      Damage    Failure   Level
a - Beastly Appendage     Tmut           44%        N/A       7%          1
b - Spider Form           Tmut/Pois      22%        N/A       13%         3
c - Foxfire               Conj/Fire      88%        2x1d8     7%          1
d - Ice Form              Ice/Tmut       22%        N/A       32%         4
e - Searing Ray           Conj           44%        2d6       9%          2
f - Summon Guardian Gole  Hex/Summ       22%        N/A       13%         3
g - Lesser Beckoning      Tloc           44%        N/A       13%         3
w - Wereblood             Tmut           22%        N/A       9%          2
Your spell library was empty.

Dungeon Overview and Level Annotations

Branches:
Dungeon (7/15)             Temple (1/1) D:6           Sewer (visited)

Altars:
Ashenzari
Cheibriados
Fedhas
Gozag
Hepliaklqana
Makhleb
Okawaru
Qazlal
Uskayaw
Wu Jian
Xom
Yredelemnul
Zin
The Shining One

Annotations:
D:4 2 transporters, MCDelver's ghost, amateur BaHu


Innate Abilities, Weirdness & Mutations

You are a venomous arachnid creature.
You have poisonous fangs.
You are tiny and dextrous.
You are flying.
Your spellcasting is less reliable in this form.
Your armour is entirely melded.
You are incapable of wielding weapons or throwing items.
You are immune to sickness and miasma.
You are immune to poison.
((Your flesh is very heat resistant. (rF++)))
((You are vulnerable to cold. (rC-)))
You float through the air rather than walking.
You learn spells naturally, not from books.
Your magical power is your life essence.
You have superior vitality. (+4 MHP)


Message History

No target in view!
No target in view!
No target in view!
No target in view!
No target in view!
No target in view!
No target in view!
No target in view!
No target in view!
v - 13 poisoned darts (gained 6)
Items here: ( )) ††.
You now have 439 gold pieces (gained 8).
Items here: ( )) ††.
Items here: ( ))) ††.
G - a potion of invisibility You need no library to learn spells.
You now have 452 gold pieces (gained 13).
There is a shaft here.
You now have 467 gold pieces (gained 15).
c - 5 potions of curing (gained 1)
You now have 489 gold pieces (gained 22).
A two-headed ogre comes into view. It is wielding two +0 giant clubs.
The two-headed ogre shouts in stereo!
You turn into a venomous arachnid creature.
Your scarf of resistance melds into your body.
Your +2 robe of willpower melds into your body.
You feel hot and cold all over.
You feel less strong-willed.
The two-headed ogre hits you with a +0 giant club!
The two-headed ogre completely misses you.
You hit the two-headed ogre.
The two-headed ogre is lightly wounded.
You hit the two-headed ogre.
The two-headed ogre is poisoned.
The two-headed ogre is lightly wounded.
The two-headed ogre hits you with a +0 giant club!! x2
* * * LOW HITPOINT WARNING * * *
You are too injured to fight recklessly!
The two-headed ogre attacks as you move away!
The two-headed ogre closely misses you.
The two-headed ogre hits you with a +0 giant club!
You die...

### #.#######
#.O...... #s# #.#
#.# #.# #.# #.#
#########.. #.#
#>..#......
#.######.....###.#
#..............#.#


You could see a two-headed ogre (very poisoned).

Vanquished Creatures
  A water moccasin (D:5)
  2 black bears
  2 ice beasts
  2 ogres
  2 centaurs (D:5)
  2 phantoms
  Blork the orc (D:6)
  2 kobold brigands (D:7)
  2 bullfrogs (Sewer)
  A gnoll sergeant (D:4)
  A scorpion (D:5)
  3 necrophages
  4 wights (D:4)
  6 hounds
  4 jellies
  A gnoll bouda (D:4)
  2 iguanas
  An orc wizard (D:6)
  2 gnolls
  12 adders
  A river rat (D:3)
  A shadow imp (D:6)
  2 white imps
  An ufetubus (D:4)
  4 worms
  4 dart slugs
  7 orcs
  17 endoplasms
  14 giant cockroaches
  8 goblins
  5 hobgoblins
  16 quokkas
  14 ball pythons
  8 bats
  9 frilled lizards
  17 kobolds
  7 rats
188 creatures vanquished.

Notes
Turn   | Place    | Note
-------+----------+-------------------------------------------
     0 | D:1      | mopl the Djinni Transmuter began the quest for the Orb.
     0 | D:1      | mopl set off with the following spells memorised: Beastly
                  | Appendage, Wereblood, Spider Form, Ice Form.
     0 | D:1      | Reached XP level 1. HP: 17/17 MP: 0/0
   145 | D:1      | Reached XP level 2. HP: 18/22 MP: 0/0
   336 | D:1      | HP: 1/22 [giant cockroach (2)]
   341 | D:1      | HP: 1/22 [kobold/+0 dagger (1)]
   725 | D:2      | Reached XP level 3. HP: 8/27 MP: 0/0
   725 | D:2      | Learned a level 1 spell: Foxfire
   818 | D:1      | Reached skill level 2 in Spellcasting
   915 | D:2      | Reached skill level 4 in Unarmed Combat
  1011 | D:2      | Reached XP level 4. HP: 27/32 MP: 0/0
  1958 | D:3      | Reached XP level 5. HP: 30/37 MP: 0/0
  1958 | D:3      | Learned a level 2 spell: Searing Ray
  2019 | D:3      | Found a glowing drain.
  2023 | Sewer    | Entered a sewer
  2132 | Sewer    | Reached skill level 5 in Unarmed Combat
  2342 | Sewer    | Noticed a bullfrog
  2343 | Sewer    | Noticed a bullfrog
  2353 | Sewer    | Killed a bullfrog
  2354 | Sewer    | Reached XP level 6. HP: 38/42 MP: 0/0
  2365 | Sewer    | Reached skill level 6 in Unarmed Combat
  2365 | Sewer    | Reached skill level 3 in Spellcasting
  2714 | D:3      | Found a shimmering altar of Xom.
  2715 | D:3      | Found a glowing golden altar of the Shining One.
  3321 | D:4      | Found a transporter.
  3324 | D:4      | Noticed a black bear
  3329 | D:4      | Killed a black bear
  3330 | D:4      | Reached XP level 7. HP: 35/47 MP: 0/0
  3330 | D:4      | Learned a level 3 spell: Summon Guardian Golem
  3377 | D:4      | Noticed MCDelver's ghost (amateur BaHu)
  3402 | D:4      | Found a transporter.
  3413 | D:4      | Found a hide-covered altar of Uskayaw.
  3413 | D:4      | Found a burning altar of Makhleb.
  3643 | D:4      | Reached skill level 7 in Unarmed Combat
  4176 | D:4      | Reached XP level 8. HP: 17/52 MP: 0/0
  4393 | D:4      | Reached skill level 4 in Spellcasting
  4726 | D:4      | Reached skill level 8 in Unarmed Combat
  4969 | D:5      | Entered Level 5 of the Dungeon
  5106 | D:5      | Reached skill level 9 in Unarmed Combat
  5162 | D:5      | Reached XP level 9. HP: 40/57 MP: 0/0
  5162 | D:5      | Learned a level 3 spell: Lesser Beckoning
  5424 | D:5      | Reached skill level 5 in Spellcasting
  5657 | D:6      | Reached skill level 10 in Unarmed Combat
  5674 | D:6      | Noticed Blork the orc
  5691 | D:6      | Killed Blork the orc
  6080 | D:6      | Found an ornate altar of the Wu Jian Council.
  6226 | D:6      | Found a staircase to the Ecumenical Temple.
  6232 | Temple   | Entered the Ecumenical Temple
  6401 | Temple   | Became a worshipper of Warmaster Okawaru
  6859 | D:7      | Noticed a two-headed ogre
  6862 | D:7      | HP: 2/57 [two-headed ogre/+0 giant club (21)]
  6863 | D:7      | Demolished by a two-headed ogre

Illustrated notes

Levels and vault maps discovered:
D:1:      evilmike_arrival_hilbert_curve, layout_basic
D:2:      wad_river_or_something, layout_loops_ring
D:3:      layout_basic, nicolae_overflow_hidden_temple, gup_sewer_entry_spiral
D:4:      minmay_octagon_keep, layout_basic,
          chequers_temple_overflow_statue_of_worship, gammafunk_ghost_arena,
          hangedman_abyss_or_decor_stabs, minmay_cut_off
D:5:      layout_loops_ring, cheibrodos_gnoll_hut
D:6:      layout_rooms, mainiacjoe_overflow_cross_hatched,
          minmay_temple_entry_enclosed_plants, uniq_blork_the_orc
D:7:      layout_basic
Temple:   minmay_temple_curvy_branch

Skill      XL: |  1  2  3  4  5  6  7  8  9 |
---------------+----------------------------+-----
Spellcasting   | 2 3 4 5 |  5.5
Unarmed Combat | 4 5 6 7 9 10 | 10.6
Fighting       | |  1.4
Throwing       | |  0.6
Dodging        | |  2.5
Invocations    | |  0.8
Evocations     | |  0.9

Action                   |  1- 3 |  4- 6 |  7- 9 || total
-------------------------+-------+-------+-------++-------
Melee: Unarmed           |   117 |   210 |   282 ||   609
       Headbutt          |    16 |    19 |     3 ||    38
       Punch             |     1 |     7 |    12 ||    20
 Cast: Beastly Appendage |    24 |    19 |     5 ||    48
       Spider Form       |       |     3 |    14 ||    17
       Ice Form          |       |       |     4 ||     4
 Abil: End Transformatio |       |       |     2 ||     2
  Use: Potion            |     1 |       |     1 ||     2
       Scroll            |       |     1 |     6 ||     7
 Stab: Sleeping          |     1 |     2 |     2 ||     5
       Distracted        |       |       |     1 ||     1
Armor: Robe              |    32 |    18 |    35 ||    85
       Skin              |    12 |       |     5 ||    17
Dodge: Dodged            |    99 |    99 |   142 ||   340

Table legend: (Time is in decaauts)
 A = Elapsed time spent in this place.
 B = Non-inter-level travel time spent in this place.
 C = Inter-level travel time spent in this place.
 D = Time resting spent in this place.
 E = Time spent auto-exploring this place.
 F = Levels seen in this place.
 G = Mean time per level.
                   A        B        C        D        E       F      G
               +--------+--------+--------+--------+--------+-----+--------+
         Total |   6774 |   6391 |    383 |   1398 |   3401 |   9 |  752.7 |
       Dungeon |   6121 |   5764 |    357 |   1220 |   3197 |   7 |  874.4 |
        Temple |    194 |    169 |     25 |      0 |    162 |   1 |  194.0 |
         Sewer |    457 |    457 |      0 |    178 |     42 |   1 |  457.0 |
               +--------+--------+--------+--------+--------+-----+--------+

Top non-repeatable levels by time:
     D:4: 1641 daAuts
     D:2: 1012 daAuts
     D:3: 1005 daAuts
     D:1: 897 daAuts
     D:6: 632 daAuts
     D:5: 554 daAuts
   Sewer: 457 daAuts
     D:7: 377 daAuts
  Temple: 194 daAuts
